 Dungeon Crawl Stone Soup version 0.30.1-3-gfc49f6343a (webtiles) character file.

Game seed: 14004107567069150318

15169 shmup the Arsonist (level 12, -4/72 HPs)
             Began as a Tengu Fire Elementalist on Aug 2, 2023.
             Was an Elder of Sif Muna.
             Engulfed by a cloud of flame (14 damage)
             ... on level 2 of the Lair of Beasts.
             The game lasted 00:58:26 (20694 turns).

shmup the Arsonist (Tengu Fire Elementalist)       Turns: 20694, Time: 00:58:28

Health: -4/72      AC:  7    Str:  9    XL:     12   Next: 24%
Magic:  19/29      EV: 34    Int: 20    God:    Sif Muna [****..]
Gold:   732        SH:  0    Dex: 15    Spells: 2/21 levels left

rFire   . . .        a - +6 spear (flame)
rCold   . . .        (no shield)
rNeg    . . .        m - +2 robe
rPois   +            (helmet restricted)
rElec   .            g - scarf {repulsion}
rCorr   .            O - +2 pair of gloves
SInv    .            (boots unavailable)
Will    .....        v - amulet of the acrobat
Stlth   ++           Q - ring of poison resistance
HPRegen 0.32/turn    U - ring of magical power
MPRegen 0.21/turn

%: repel missiles, acrobat
@: acrobatic, flying quickly and evasively, studying Ranged Weapons, quick
A: beak, talons 3, nimble flight
a: Renounce Religion, Channel Magic, Forget Spell, Divine Exegesis


You were on level 2 of the Lair of Beasts.
You worshipped Sif Muna.
Sif Muna was greatly pleased with you.
You visited 3 branches of the dungeon, and saw 13 of its levels.
You also visited: Sewer and Ossuary.

You collected 952 gold pieces.
You spent 220 gold pieces at shops.

Inventory:

Hand Weapons
 a - a +6 spear of flaming (weapon)
 b - a +1 short sword of speed
 E - a +4 quarterstaff of chaos
 M - a +2 short sword of venom
Missiles
 q - 47 poisoned darts
 B - 2 throwing nets
 R - 2 boomerangs
 Z - 3 curare-tipped darts
Armour
 g - a scarf of repulsion (worn)
 m - a +2 robe (worn)
 O - a +2 pair of gloves (worn)
Jewellery
 v - an amulet of the acrobat (around neck)
 x - a +5 ring of evasion
 I - a ring of resist corrosion
 K - a ring of positive energy
 Q - a ring of poison resistance (left hand)
 U - a ring of magical power (right hand)
 X - a +5 ring of evasion
Wands
 D - a wand of flame (54)
 J - a wand of iceblast (5)
 W - a wand of paralysis (9)
Scrolls
 c - a scroll of poison
 d - 3 scrolls of immolation
 h - 3 scrolls of teleportation
 j - a scroll of vulnerability
 p - a scroll of noise
 s - 2 scrolls of fog
 y - a scroll of brand weapon
 C - a scroll of magic mapping
 F - a scroll of summoning
 H - a scroll of blinking
 T - a scroll of fear
Potions
 f - 4 potions of might
 i - 9 potions of curing
 k - 3 potions of degeneration
 l - 2 potions of haste
 n - 3 potions of berserk rage
 o - a potion of brilliance
 r - 3 potions of invisibility
 t - 2 potions of cancellation
 w - a potion of mutation
 z - 2 potions of heal wounds
 A - 3 potions of lignification
 P - 2 potions of attraction
 S - 2 potions of magic


   Skills:
 + Level 7.5 Fighting
 + Level 3.1 Polearms
 + Level 8.7 Dodging
 - Level 2.0 Stealth
 + Level 5.0 Spellcasting
 + Level 11.1 Conjurations
 * Level 13.5 Fire Magic
 - Level 2.0 Ice Magic
 - Level 3.0 Air Magic
 - Level 2.0 Poison Magic


You had 2 spell levels left.
You knew the following spells:

 Your Spells              Type           Power      Damage    Failure   Level
a - Foxfire               Conj/Fire      100%       2x1d9     1%          1
b - Scorch                Fire           100%       2d9       1%          2
c - Inner Flame           Hex/Fire       32%        N/A       2%          3
d - Volatile Blastmotes   Fire/Tloc      64%        2d15      2%          3
e - Mephitic Cloud        Conj/Pois/Air  26%        N/A       3%          3
r - Hailstorm             Conj/Ice       31%        3d8       2%          3
w - Flame Wave            Conj/Fire      53%        2d13      1%          4

Your spell library contained the following spells:

 Spells                   Type           Power      Damage    Failure   Level
 Poisonous Vapours        Pois/Air       30%        N/A       6%          2
 Cigotuvi's Dreadful Rot  Necr/Pois/Air  22%        N/A       9%          2
 Ensorcelled Hibernation  Hex/Ice        18%        N/A       12%         2
 Sublimation of Blood     Necr           5%         N/A       17%         2
 Ignite Poison            Fire/Tmut/Pois 25%        N/A       4%          3
 Spider Form              Tmut/Pois      9%         N/A       22%         3
 Irradiate                Conj/Tmut      13%        3d16      32%         5
 Summon Guardian Golem    Hex/Summ       5%         N/A       34%         3
 Freezing Cloud           Conj/Ice/Air   13%        6-21      34%         5
 Ice Form                 Ice/Tmut       9%         N/A       58%         4
 Orb of Destruction       Conj           24%        9d9       71%         7
 Anguish                  Hex/Necr       2%         N/A       75%         4
 Animate Armour           Summ/Erth      10%        N/A       75%         4
 Leda's Liquefaction      Hex/Erth       2%         N/A       75%         4
 Petrify                  Tmut/Erth      5%         N/A       75%         4
 Iron Shot                Conj/Erth      13%        9d3       88%         6
 Blade Hands              Tmut           2%         N/A       97%         5
 Lee's Rapid Deconstruct  Erth           2%         3d5*      97%         5
 Yara's Violent Unravell  Hex/Tmut       2%         3d3       97%         5
 Simulacrum               Ice/Necr       4%         N/A       100%        6
 Statue Form              Tmut/Erth      3%         N/A       100%        6
 Enfeeble                 Hex            2%         N/A       100%        7
 Spellforged Servitor     Conj/Summ      13%        N/A       100%        7


Dungeon Overview and Level Annotations

Branches:
Dungeon (10/15) Zot: 24954  Temple (1/1) D:5 Zot: 5923    Lair (2/5) D:9 Zot: 9939
  Sewer (visited)         Ossuary (visited)
  Swamp: Lair:2-3    Shoals: Lair:2-3     Snake: Lair:2-3    Spider: Lair:2-3
    Orc: D:9-12

Altars:
Ashenzari
Cheibriados
Dithmenos
Elyvilon
Fedhas
Gozag
Hepliaklqana
Kikubaaqudgha
Makhleb
Nemelex Xobeh
Okawaru
Qazlal
Ru
Sif Muna
Trog
Uskayaw
Vehumet
Wu Jian
Xom
Yredelemnul
Zin
The Shining One

Shops:
D:7 (!*(

Annotations:
D:6 exclusion: downstairs
D:7 exclusion: downstairs
D:8 exclusion: downstairs
Temple 2 transporters


Innate Abilities, Weirdness & Mutations

You have a beak for a mouth.
You have claws for feet.
Your magical nature lets you fly swiftly and evasively.


Message History

A wolf comes into view.
Casting: Scorch (safe; 1% risk of failure)
Confirm with . or Enter, or press ? or * to list all spells.
Aiming: Inner Flame (mildly dangerous; 2% risk of failure)
Press: ? - help, Dir - move target, f - wolf
Aim: a wolf (chance to affect: 85%)
The wolf is filled with an inner flame.
A nearby fungus withers and dies.
Casting: Inner Flame (mildly dangerous; 2% risk of failure)
Confirm with . or Enter, or press ? or * to list all spells.
You conjure some foxfire!
The foxfire hits the wolf but does no damage.
The foxfire hits the wolf.
Flame seeps out of the wolf.
The wolf is lightly wounded.
The wolf is engulfed in blazing flames.
Flame seeps out of the wolf.
A wolf comes into view.
The wolf is engulfed in blazing flames.
Flame seeps out of the wolf.
Casting: Foxfire (safe; 1% risk of failure)
Confirm with . or Enter, or press ? or * to list all spells.
Flames lash the wolf.
The wolf is moderately wounded.
The wolf's fire resistance burns away.
The wolf howls!
The wolf bites you but does no damage.
The wolf is engulfed in blazing flames.
The wolf barely misses you.
You closely miss the wolf. Your kick misses the wolf.
Your peck misses the wolf.
The wolf is almost dead.
The wolf is engulfed in blazing flames.
You kill the wolf!
Sif Muna accepts your kill. The wolf completely misses you.
The wolf attacks as you move away! The wolf bites you.
The wolf completely misses you.
You hit the wolf.
Flame seeps out of the wolf.
You burn the wolf. Sif Muna accepts your kill.
The wolf explodes!
The fiery explosion engulfs you!!!
Ouch! That really hurt!
* * * LOW HITPOINT WARNING * * *
You are engulfed in blazing flames.
You die...

▒▒▒▒... ▒▒..▒. ▒▒..▒▒▒ ▒
▒...▒ ▒. ▒▒▒.▒▒ ▒▒.
▒▒P.▒▒ ▒)..▒▒▒▒▒▒▒▒▒
▒▒▒...▒ ▒.....h.▒▒#▒▒▒
▒P.▒.▒▒
▒..▒▒.▒▒▒☼§#☼Q.▒▒▒▒▒▒..▒▒
▒▒ ▒..▒▒..........▒▒
▒▒▒▒▒▒▒▒.P......▒
▒▒▒▒▒....▒ ▒▒..▒▒ ▒▒▒▒


You could see a wolf.

Vanquished Creatures
  A hydra (Lair:2)
  An ogre mage (D:10)
  An orc knight (D:10)
  An ugly thing (D:9)
  4 cane toads
  2 kobold demonologists (D:9)
  A rime drake (D:9)
  A komodo dragon (Lair:2)
  A troll (D:9)
  A polar bear (D:9)
  3 hornets
  2 blink frogs (Lair:1)
  The ghost of spardeous the Digger, an amateur DgEE (D:5)
  A wyvern (Lair:2)
  15 yaks
  A steam dragon (D:9)
  A wraith (D:10)
  Menkaure (D:4)
  Edmund (D:4)
  2 acid dragons
  8 water moccasins
  Pargi (Sewer)
  An ice beast (D:9)
  2 sky beasts
  3 orc warriors
  2 black bears
  2 ogres
  5 centaurs
  10 wolves
  2 gnoll sergeants
  6 kobold brigands
  7 bullfrogs
  5 water moccasin zombies (Ossuary)
  A scorpion (D:6)
  8 wights
  9 howler monkeys
  2 hounds
  2 jellies
  8 orc priests
  Crazy Yiuf (D:4)
  2 gnoll boudas
  3 iguanas
  11 orc wizards
  Terence (D:2)
  2 mummies (Ossuary)
  Robin (D:2)
  21 gnolls
  12 adders
  A shadow imp (D:6)
  2 white imps
  5 adder zombies (Ossuary)
  3 worms
  2 dart slugs (D:5)
  39 orcs
  9 bats
  7 endoplasms
  5 giant cockroaches
  3 gnoll zombies (Ossuary)
  14 goblins
  11 hobgoblins
  7 jackals
  5 quokkas
  9 ball pythons
  7 frilled lizards
  4 hobgoblin zombies (Ossuary)
  29 kobolds
  4 kobold zombies (Ossuary)
  5 orc zombies (Ossuary)
  2 rats
353 creatures vanquished.

Vanquished Creatures (collateral kills)
  3 foxfires
3 creatures vanquished.

Vanquished Creatures (others)
  An orc wizard (D:5)
  550 foxfires
551 creatures vanquished.

Grand Total: 907 creatures vanquished

Notes
Turn   | Place    | Note
-------+----------+-------------------------------------------
     0 | D:1      | shmup the Tengu Fire Elementalist began the quest for the
                  | Orb.
     0 | D:1      | Reached XP level 1. HP: 10/10 MP: 4/4
   324 | D:1      | Reached XP level 2. HP: 15/15 MP: 4/6
   327 | D:1      | Learned a level 2 spell: Scorch
   639 | D:1      | Reached skill level 4 in Fire Magic
  1124 | D:1      | Reached XP level 3. HP: 19/19 MP: 4/7
  1351 | D:2      | Noticed Robin
  1706 | D:2      | Learned a level 3 spell: Inner Flame
  1734 | D:2      | Reached XP level 4. HP: 24/24 MP: 0/8
  2246 | D:2      | Killed Robin
  2247 | D:2      | Reached skill level 5 in Fire Magic
  2480 | D:2      | Noticed Terence
  2485 | D:2      | Killed Terence
  2486 | D:2      | Gained mutation: Your magical nature lets you fly swiftly
                  | and evasively. [Tengu growth]
  2486 | D:2      | Reached XP level 5. HP: 28/28 MP: 3/9
  3112 | D:3      | Found a faded altar of an unknown god.
  3205 | D:3      | Reached skill level 6 in Fire Magic
  3347 | D:3      | Found a glowing drain.
  3358 | Sewer    | Entered a sewer
  3469 | Sewer    | Noticed Pargi
  3474 | Sewer    | Killed Pargi
  3475 | Sewer    | Reached XP level 6. HP: 31/32 MP: 1/10
  3891 | D:3      | Found a white marble altar of Elyvilon.
  4740 | D:3      | Found a glowing silver altar of Zin.
  4769 | D:4      | Reached skill level 5 in Conjurations
  4777 | D:4      | Found a sand-covered staircase.
  4802 | Ossuary  | Entered an ossuary
  4884 | Ossuary  | Reached skill level 1 in Fighting
  4884 | Ossuary  | Reached skill level 7 in Fire Magic
  4884 | Ossuary  | Reached XP level 7. HP: 15/38 MP: 6/11
  6032 | D:4      | Noticed Edmund
  6067 | D:4      | Found a runed translucent door.
  6068 | D:4      | Noticed Crazy Yiuf
  6074 | D:4      | Killed Crazy Yiuf
  6206 | D:4      | Killed Edmund
  6207 | D:4      | Reached skill level 8 in Fire Magic
  6207 | D:4      | Reached XP level 8. HP: 12/45 MP: 1/12
  6636 | D:4      | Noticed Menkaure
  6654 | D:4      | Killed Menkaure
  7073 | D:5      | Entered Level 5 of the Dungeon
  7514 | D:5      | Found a staircase to the Ecumenical Temple.
  7522 | Temple   | Entered the Ecumenical Temple
  7522 | Temple   | Found a transporter.
  7522 | Temple   | Found a transporter.
  7524 | Temple   | Found a transporter.
  7524 | Temple   | Found a transporter.
  7574 | Temple   | Became a worshipper of Sif Muna the Loreminder
  7878 | D:5      | Reached skill level 9 in Fire Magic
  8058 | D:5      | Reached XP level 9. HP: 47/52 MP: 8/13
  8162 | D:5      | Found a large runed translucent door.
  8163 | D:5      | Found a large runed translucent door.
  8165 | D:5      | Noticed spardeous's ghost (amateur DgEE)
  8308 | D:5      | Killed spardeous's ghost
  8637 | D:6      | Reached skill level 5 in Dodging
  8834 | D:6      | Found a large runed translucent door.
  8835 | D:6      | Found a large runed translucent door.
  8995 | D:6      | Reached skill level 1 in Air Magic
  9137 | D:6      | Reached * piety under Sif Muna
  9276 | D:6      | Reached skill level 1 in Poison Magic
  9509 | D:6      | Found a sacrificial altar of Ru.
  9516 | D:6      | Found an ancient bone altar of Kikubaaqudgha.
  9840 | D:7      | Reached skill level 10 in Fire Magic
  9975 | D:7      | Found Beemmar's Distillery.
 10127 | D:7      | Found a shimmering altar of Xom.
 10189 | D:7      | Found Nurr's Weapon Shoppe.
 10836 | D:7      | Noticed a hornet
 10937 | D:7      | Found Etucw's Serpentskin Sales.
 10950 | D:7      | Reached XP level 10. HP: 31/58 MP: 8/16
 11051 | D:7      | Bought a ring of poison resistance for 220 gold pieces
 11286 | D:8      | Reached ** piety under Sif Muna
 11421 | D:8      | Learned a level 4 spell: Flame Wave
 11473 | D:8      | Found a snail-covered altar of Cheibriados.
 11490 | D:8      | Reached skill level 5 in Fighting
 12796 | D:7      | Found Goololoz's Antique Weapon Shoppe.
 13035 | D:7      | Found a broken altar of Ashenzari.
 13036 | D:7      | Found an iron altar of Okawaru.
 13394 | D:9      | Reached skill level 11 in Fire Magic
 13585 | D:9      | Found a staircase to the Lair.
 14768 | D:9      | Found a hide-covered altar of Uskayaw.
 14893 | D:9      | Found a shadowy altar of Dithmenos.
 15263 | D:9      | Reached skill level 5 in Spellcasting
 15494 | D:9      | Found a hazy altar of Hepliaklqana.
 15541 | D:9      | Noticed a kobold demonologist
 15707 | D:9      | Noticed a cyan ugly thing
 15708 | D:9      | Reached XP level 11. HP: 64/64 MP: 10/19
 16217 | D:9      | Learned a level 3 spell: Hailstorm
 16405 | D:10     | Entered Level 10 of the Dungeon
 16712 | D:10     | Reached *** piety under Sif Muna
 16857 | D:10     | Reached skill level 12 in Fire Magic
 16857 | D:10     | Reached skill level 1 in Ice Magic
 17467 | D:10     | Noticed an ogre mage
 17674 | D:10     | Killed an ogre mage
 17675 | D:10     | Reached skill level 10 in Conjurations
 17867 | D:10     | Noticed an orc knight
 18022 | D:10     | Learned a level 3 spell: Volatile Blastmotes
 18075 | D:10     | Killed an orc knight
 18125 | D:10     | Noticed a death knight
 18301 | D:9      | Killed a cyan ugly thing
 18414 | Lair:1   | Entered Level 1 of the Lair of Beasts
 18698 | Lair:1   | Reached skill level 1 in Polearms
 18773 | Lair:1   | Noticed a skyshark
 18969 | Lair:1   | Reached skill level 13 in Fire Magic
 19044 | Lair:2   | HP: 2/67 [cloud of flame (7)]
 19422 | Lair:2   | Learned a level 3 spell: Mephitic Cloud
 19740 | Lair:2   | Reached XP level 12. HP: 72/72 MP: 20/20
 19740 | Lair:2   | Noticed a four-headed hydra
 19761 | Lair:2   | Killed a four-headed hydra
 19761 | Lair:2   | Reached **** piety under Sif Muna
 19761 | Lair:2   | HP: 3/72 [cloud of flame (16)]
 20694 | Lair:2   | Engulfed by a cloud of flame

Illustrated notes

Levels and vault maps discovered:
D:1:      heliophobic_arrival_dark_side_of_the_moon, layout_loops_corners
D:2:      layout_basic, minmay_tetromino_i2, uniq_robin, uniq_terence
D:3:      layout_basic, elyvilon_altar_5, zin_statuary, portal_sewer_entry_d,
          ebering_ecumenical_altar_hall, chequers_serial_rivers_micro_a,
          nicolae_half_adder
D:4:      layout_rooms, enter_ossuary_1, minivault_14, uniq_edmund,
          uniq_crazy_yiuf_cottage, uniq_menkaure
D:5:      layout_rooms, minmay_temple_entry_trees, ebering_ghost_disaster_area,
          serial_park_tiny_2, minmay_manual_mandibuliform
D:6:      layout_rooms, jmf_multi_god_temple2
D:7:      layout_loops_ring, general_overflow_altar,
          mainiacjoe_overflow_divided_tiny, serial_shops, nicolae_square_shop,
          nicolae_shop_bloodbath_and_beyond, shop, amethyst_killhole,
          roderic_serpentine_path, guppyfry_shop_venom
D:8:      layout_basic, cheibriados_altar_1, bh_walls_and_bars
D:9:      minmay_razor_zed, layout_layer_cave, nicolae_overflow_hidden_temple,
          mainiacjoe_overflow_tiny_flanked, worldfamousw_hep_ancestral_shrine,
          hellmonk_lair_entry_icy
D:10:     minmay_the_grid_triangle_9x9_rhombus_thin
          [minmay_the_grid_triangle_9x9_subtriangle,
          minmay_the_grid_triangle_9x9_prize_insulated,
          minmay_the_grid_triangle_9x9_swiss_cheese,
          minmay_the_grid_triangle_9x9_fully_insulated_deathbox],
          layout_loops_ring, orc_0_dummy, serial_glass, glass_columns_b,
          glass_columns_c
Temple:   hellmonk_temple_divided_pantheon
Lair:1:   layout_misc_corridors, lemuel_fruit_tree
Lair:2:   layout_cave_pods

Skill      XL: |  1  2  3  4  5  6  7  8  9 10 11 12 |
---------------+-------------------------------------+-----
Conjurations   | 2 3 4 5 6 7 8 9 10 11 | 11.1
Fire Magic     | 4 5 6 7 8 9 10 11 13 | 13.5
Fighting       | 1 2 3 4 6 7 |  7.5
Dodging        | 3 4 5 7 8 |  8.7
Spellcasting   | 3 5 |  5.0
Air Magic      | 2 3 |  3.0
Poison Magic   | 2 |  2.0
Ice Magic      | 2 |  2.0
Polearms       | 2 3 |  3.1
Stealth        | |  2.0

Action                     |  1- 3 |  4- 6 |  7- 9 | 10-12 || total
---------------------------+-------+-------+-------+-------++-------
  Melee: Unarmed           |     2 |       |       |       ||     2
         Dagger            |     6 |       |       |       ||     6
         Kick              |     3 |     8 |    41 |    11 ||    63
         Short sword       |       |    24 |   124 |       ||   148
         Peck              |       |     3 |    23 |     7 ||    33
         Spear             |       |       |       |    46 ||    46
   Cast: Foxfire           |    53 |    46 |   132 |   107 ||   338
         Scorch            |     7 |    45 |    93 |   183 ||   328
         Inner Flame       |       |       |    14 |    50 ||    64
         Flame Wave        |       |       |       |     2 ||     2
         Volatile Blastmot |       |       |       |    10 ||    10
         Hailstorm         |       |       |       |     1 ||     1
         Mephitic Cloud    |       |       |       |     1 ||     1
  Evoke: Wand              |       |       |     2 |       ||     2
    Use: Scroll            |       |    11 |     5 |    15 ||    31
         Potion            |       |     1 |     4 |     1 ||     6
 Armour: Robe              |     7 |     5 |    17 |    21 ||    50
  Dodge: Dodged            |    24 |    43 |   129 |   164 ||   360
         Repelled          |       |       |     3 |     2 ||     5
